 Dungeon Crawl Stone Soup version 0.17-a0-1880-gacf7e67 (webtiles) character file.

66 mcbry74 the Conjurer (level 3, -1/21 HPs)
             Began as a High Elf Conjurer on Sept 21, 2015.
             Was an Initiate of Sif Muna.
             Killed by nerve-wracking pain
             ... invoked by Grinder
              (5 damage)
             ... on level 3 of the Dungeon.
             The game lasted 00:10:45 (1695 turns).

mcbry74 the Conjurer (High Elf Conjurer)            Turns: 1695, Time: 00:10:45

Health: -1/21      AC:  2    Str:  7      XL:     3   Next: 96%
Magic:  4/8        EV: 13    Int: 16 (19) God:    Sif Muna [......]
Gold:   31         SH:  0    Dex: 16      Spells: 3 memorised, 1 level left

rFire  . . .     SeeInvis .     (no weapon)
rCold  . . .     Clarity  .     a - +0 robe
rNeg   . . .     SustAt   .     (no shield)
rPois  .         Gourm    .     (no helmet)
rElec  .         Spirit   .     (no cloak)
rCorr  .         Warding  .     (no gloves)
rMut   .         Stasis   .     (no boots)
MR     .....                    (no amulet)
Stlth  ++........               (no ring)
                                (no ring)

@: not resistant to hostile enchantments, unstealthy
A: no striking features
a: Renounce Religion


You were on level 3 of the Dungeon.
You worshipped Sif Muna.
Sif Muna was noncommittal.
You were hungry.

You visited 1 branch of the dungeon, and saw 3 of its levels.

You collected 31 gold pieces.

Inventory:

Armour
 a - a +0 robe (worn)
Jewellery
 g - an uncursed amulet of stasis {unknown}
 k - a +2 ring of dexterity {unknown}
Scrolls
 d - a scroll of recharging {unknown}
 e - a scroll of teleportation
Books
 b - a book of Conjurations

   Spells                             Type                      Level
   a - Magic Dart                     Conjuration                  1
   b - Searing Ray                    Conjuration                  2
   c - Dazzling Spray                 Conjuration/Hexes            3
   d - Fulminant Prism                Conjuration/Hexes            4
   e - Iskenderun's Mystic Blast      Conjuration                  4
   f - Iskenderun's Battlesphere      Conjuration/Charms           5
Comestibles
 c - a bread ration
 f - 2 chunks of flesh
 i - a meat ration


   Skills:
 + Level 2.6 Dodging
 + Level 2.8 Stealth
 + Level 2.8 Spellcasting
 + Level 5.4 Conjurations


You had one spell level left.
You knew the following spells:

 Your Spells              Type           Power        Failure   Level  Hunger
a - Magic Dart            Conj           ###.         1%          1    #......
b - Searing Ray           Conj           ###...       3%          2    ##.....
c - Dazzling Spray        Conj/Hex       ##......     21%         3    ###....


Dungeon Overview and Level Annotations

Branches:
Dungeon (3/15)

Altars:
Sif Muna

Annotations:
D:3 Grinder


Message History

Grinder is moderately wounded.
Grinder closely misses you.
The searing ray hits Grinder.
Grinder is heavily wounded.
Grinder hits you but does no damage.
The searing ray hits Grinder.
Grinder is severely wounded.
Grinder hits you!
* * * LOW HITPOINT WARNING * * *
You writhe in agony.
* * * LOW HITPOINT WARNING * * *
Grinder gestures at you. You resist with significant effort.
You hit Grinder.
Grinder is severely wounded.
Grinder closely misses you.
Found a small marble ring.
Grinder gestures at you. Pain shoots through your body!
You die...

..# #.# #.# #.#
##.# #.# ##..#
#.##
####...######...
##......#....รท(..
##.........####...
##..5......## #..#
#.@...<....# #...
#..#.....>## #...
##.######.# ##..
... #.# .. #=..
#.# .. ....# #.#
##...# #.# #....
..#


You could see Grinder.

Vanquished Creatures
  3 adders (D:2)
  3 giant cockroaches
  2 hobgoblins
  3 jackals
  2 kobolds (D:2)
  A quokka (D:3)
  8 bats
  2 giant geckos
  3 giant newts (D:2)
  4 goblins
  10 rats
41 creatures vanquished.

Notes
Turn   | Place    | Note
--------------------------------------------------------------
     0 | D:1      | mcbry74 the High Elf Conjurer began the quest for the Orb.
     0 | D:1      | Reached XP level 1. HP: 11/11 MP: 4/4
   387 | D:1      | Reached XP level 2. HP: 17/17 MP: 3/6
   889 | D:2      | Reached skill level 5 in Conjurations
   889 | D:2      | Reached XP level 3. HP: 21/21 MP: 0/7
  1078 | D:2      | Learned a level 2 spell: Searing Ray
  1082 | D:2      | Learned a level 3 spell: Dazzling Spray
  1300 | D:2      | Found a deep blue altar of Sif Muna.
  1306 | D:2      | Became a worshipper of Sif Muna the Loreminder
  1557 | D:3      | Noticed Grinder
  1695 | D:3      | Killed from afar by Grinder

Vault maps used:
D:1:      dpeg_arrival_stone_temple_mockup
D:2:      led_sif_pool, minmay_misc_feat_rugged
D:3:      uniq_crazy_yiuf_cottage, uniq_grinder

Action                   || total
-------------------------++-------
Melee: Unarmed           ||     8
 Cast: Magic Dart        ||    61
       Searing Ray       ||     5
  Use: Potion            ||     3
       Scroll            ||     2
  Eat: Chunk             ||     2
